AoeStats
← aassdd518

Marketplace

506562446Analyzed
1v1 RM · 18d ago on Sep 14, 2026· 40m 21s· 2 players
Game mode
Random Map
Map size
Tiny (2 player)
Population
200
Speed
Normal
Resources
Standard
Victory
Conquest
Starting age
Dark Age
Ending age
Imperial Age
RankedLock teamsTeams togetherTeam positionsShared explorationLock speedFull tech treeHidden civsTurbo modeCheats
Victory
Defeat
🇹🇼 Wu · Taiwan
473
+20
🇨🇳 Mongols · China
560
-20
Cure
11:21 Feudal Age
23:44 Castle Age
36:21 Double-Bit Axe
aassdd518
11:13 Feudal Age
12:27 Double-Bit Axe
17:00 Horse Collar
18:44 Man-at-Arms
26:02 Castle Age
27:28 Bow Saw
36:52 Imperial Age
35:06 Wheelbarrow
34:46 Red Cliffs Tactics
34:55 Heavy Plow
35:50 Padded Archer Armor
35:41 Fletching
36:47 Wheelbarrow
38:39 Chemistry
37:59 Ballistics
37:37 Murder Holes
37:52 Masonry
37:17 Elite Fire Archer
39:18 Long Swordsman
Connection lost

Rejoining the realm…

Still unreachable

The connection could not be restored.

Session expired

The server has moved on; the page needs a fresh start.